 Dungeon Crawl Stone Soup version 0.28-a0-563-gf77a47075d (webtiles) character file.

Game seed: 15867015503633950729

47072 ftrovador the Phalangite (level 14, -2/129 HPs)
             Began as a Minotaur Berserker on Sept 30, 2021.
             Was a High Priest of Trog.
             Succumbed to a +5 trident of venom's poison
             ... on level 1 of the Elven Halls.
             The game lasted 00:41:29 (20062 turns).

ftrovador the Phalangite (Minotaur Berserker)      Turns: 20062, Time: 00:41:59

Health: -2/129     AC: 15    Str: 28    XL:     14   Next: 7%
Magic:  4/4        EV: 11    Int:  4    God:    Trog [*****.]
Gold:   192        SH:  0    Dex:  9    Spells: 13/13 levels left

rFire   + . .      SeeInvis .   X - +4 bardiche (antimagic)
rCold   . . .      Faith    .   (shield currently unavailable)
rNeg    . . .      Spirit   .   u - +4 scale mail
rPois   .          Reflect  .   (helmet restricted)
rElec   .          Harm     .   W - +1 cloak
rCorr   .          Rampage  .   (no gloves)
Will    +....                   (no boots)
Stlth   ..........              G - amulet of the acrobat
HPRegen 0.31/turn               h - ring of protection from fire
MPRegen 0.09/turn               p - +4 ring of slaying

@: lethally poisoned (-2 -> -27), on berserk cooldown, slowed, very slow
A: horns 2, retaliatory headbutt, talons 1, mutation resistance 1
a: Renounce Religion, Berserk, Trog's Hand, Brothers in Arms


You were on level 1 of the Elven Halls.
You worshipped Trog.
Trog was extremely pleased with you.
You visited 3 branches of the dungeon, and saw 14 of its levels.
You also visited: Ossuary.

You collected 1669 gold pieces.
You spent 1477 gold pieces at shops.

Inventory:

Hand Weapons
 a - a +0 spear
 v - a +1 scythe
 L - a +4 vorpal glaive
 X - a +4 antimagic bardiche (weapon)
Missiles
 z - 48 poisoned darts (quivered)
 P - 4 throwing nets
 V - 4 boomerangs
Armour
 b - a +0 animal skin
 o - a +0 leather armour
 r - a +0 ring mail
 u - a +4 scale mail (worn)
 w - a +2 pair of boots
 M - a +0 plate armour
 W - a +1 cloak (worn)
Jewellery
 h - a ring of protection from fire (left hand)
 l - a ring of magical power
 p - a +4 ring of slaying (right hand)
 A - a ring of resist corrosion
 C - a ring of willpower
 G - an amulet of the acrobat (around neck)
 K - an amulet of faith
 O - a ring of see invisible
 Q - a ring of flight
 Y - a ring of protection from cold
Wands
 J - a wand of flame (40)
 N - a wand of iceblast (10)
Scrolls
 e - 5 scrolls of noise
 g - 2 scrolls of magic mapping
 j - 7 scrolls of teleportation
 y - 2 scrolls of blinking
 B - 4 scrolls of vulnerability
 E - a scroll of immolation {unknown}
 H - 3 scrolls of enchant armour
 I - 3 scrolls of fear
 R - a scroll of fog
 S - a scroll of acquirement {unknown}
 U - a scroll of brand weapon
 Z - a scroll of identify
Potions
 c - 2 potions of might
 d - a potion of invisibility {unknown}
 f - 4 potions of mutation
 i - a potion of degeneration {unknown}
 k - 2 potions of brilliance
 m - 2 potions of ambrosia
 n - 3 potions of lignification
 q - a potion of flight {unknown}
 s - 8 potions of curing
 t - 4 potions of resistance
 x - 4 potions of attraction
 D - a potion of cancellation {unknown}
 F - 6 potions of haste
 T - a potion of berserk rage {unknown}


   Skills:
 + Level 13.2 Fighting
 * Level 23.1 Polearms
 + Level 12.2 Armour
 - Level 2.2 Dodging


You had 13 spell levels left.
You didn't know any spells.
Your spell library was empty.

Dungeon Overview and Level Annotations

Branches:
Dungeon (10/15)            Temple (0/1) D:7            Lair (0/6) D:10
    Orc (2/2) D:10            Elf (2/3) Orc:2       Ossuary (visited)

Altars:
Cheibriados
Fedhas
Gozag
Kikubaaqudgha
Makhleb
Nemelex Xobeh
Vehumet
Wu Jian
Yredelemnul
Zin
The Shining One
Beogh

Shops:
D:4 [   D:7 ?[   D:9 ?   D:10 (*   Orc:2 :![[=   Elf:1 (

Annotations:
D:6 2 transporters


Innate Abilities, Weirdness & Mutations

You have a pair of horns on your head.
You reflexively headbutt those who attack you in melee.
You have sharp toenails.
You are somewhat resistant to further mutation.


Message History

The +5 trident of venom hits you from afar.
* * * LOW HITPOINT WARNING * * *
You are more poisoned.
Okay, then.
Reach: X) +4 bardiche (antimagic)
Press: ? - help, Dir - move target, f/p - +5 trident of venom
Aim: a +5 trident of venom (moderately damaged, about 50% to evade your +4 antimagic bardiche)
You reach to attack!
You miss the +5 trident of venom.
The +5 trident of venom is moderately damaged.
* * * LOW HITPOINT WARNING * * *
You feel very sick.
The +5 trident of venom hits you from afar.
* * * LOW HITPOINT WARNING * * *
You are more poisoned.
Reach: X) +4 bardiche (antimagic)
Press: ? - help, Dir - move target, f/p - +5 trident of venom
Aim: a +5 trident of venom (lightly damaged, about 50% to evade your +4 antimagic bardiche)
You reach to attack!
You chop the +5 trident of venom into pieces!!!!
You feel the power of Trog in you as your rage grows.
The +5 trident of venom falls from the air.
Trog accepts your kill.
* * * LOW HITPOINT WARNING * * *
You feel very sick.
* * * LOW HITPOINT WARNING * * *
You feel extremely sick.
You feel a strong urge to attack something.
* * * LOW HITPOINT WARNING * * *
You feel extremely sick.
* * * LOW HITPOINT WARNING * * *
You feel very sick.
There is a stone staircase leading up, spattered with blood here.
You feel your anger nearly subside.
* * * LOW HITPOINT WARNING * * *
You feel very sick.
You climb upwards.
You are no longer berserk.
You are exhausted.
You feel yourself slow down.
You die...

......###.#)####.##.##.#
##....# #...).##.##.##.#
###.#.###...####.##.##.#
##..#.##..8.# ##.......#
##.##.##....# #####.####
##.##.##....# #.#
..:...###.8.# #.#
##.#### #...# #####.#
#....# #..[# #.@...#
#....# ##))# #######
##...# ##).#
##.####.)[## #.###.#)).#
#>####[[.## #.###.[).#
#..##..<.# ######...#


There were no monsters in sight!

Vanquished Creatures
  Gastronok (D:9)
  A deep elf sorcerer (Elf:1)
  A deep elf elementalist (Elf:1)
  An orc warlord (Orc:2)
  A deep elf annihilator (Elf:1)
  Snorg (Orc:2)
  A deep elf death mage (Elf:1)
  A deep elf high priest (Elf:1)
  Harold (Orc:1)
  3 ogre magi (Orc:2)
  4 two-headed ogres
  3 dancing weapons
  6 deep elf knights
  3 orc knights
  13 deep elf zephyrmancers
  8 deep elf archers
  9 orc sorcerers
  15 deep elf pyromancers
  The ghost of sn0wgr3 the Covered, a novice MiFi of Cheibriados (D:6)
  A gargoyle (D:10)
  A troll (shapeshifter) (Elf:2)
  3 trolls
  2 hornets
  Grinder (D:3)
  A slime creature (D:8)
  Sigmund (D:4)
  2 shadows (D:9)
  A wyvern (D:10)
  2 yaks (D:8)
  2 water elementals (Elf:2)
  A wraith (D:10)
  Eustachio (D:4)
  3 steam dragons
  2 wargs (Orc:2)
  2 water moccasins
  An acid dragon (D:8)
  A sky beast (D:6)
  An ice beast (D:6)
  A hornet zombie (D:8)
  18 orc warriors
  5 centaurs (D:8)
  5 ogres
  2 kobold brigands
  2 bullfrogs (D:7)
  An earth elemental (Elf:1)
  A wyvern zombie (D:5)
  3 scorpions
  A water moccasin skeleton (D:6)
  6 killer bees (D:7)
  A wight (D:8)
  3 howler monkeys
  2 electric eels (D:7)
  2 hounds (D:6)
  A bullfrog skeleton (D:6)
  5 centaur zombies
  An iron imp (D:6)
  2 gnoll shamans
  A centaur skeleton (D:6)
  14 orc priests
  An iguana (D:5)
  Jessica (D:3)
  A scorpion zombie (D:4)
  Natasha (thrice) (D:2)
  33 orc wizards
  2 killer bee zombies (D:8)
  A hound skeleton (D:4)
  8 mummies (Ossuary)
  2 howler monkey zombies
  9 adders
  4 gnolls (D:7)
  2 shadow imps
  2 howler monkey simulacra (D:6)
  4 dart slugs
  73 orcs
  4 endoplasms
  11 goblins
  6 hobgoblins
  4 jackals (D:1)
  A quokka (D:2)
  5 ball pythons
  7 bats
  4 frilled lizards
  4 hobgoblin zombies (Ossuary)
  12 kobolds
  2 kobold zombies (Ossuary)
  2 orc zombies (Ossuary)
  2 rats (D:1)
  3 bushes (D:8)
393 creatures vanquished.

Vanquished Creatures (collateral kills)
  A gargoyle (D:8)
1 creature vanquished.

Vanquished Creatures (others)
  A deep elf knight (Elf:1)
  A water elemental (Elf:2)
  An air elemental (Elf:2)
  An orc warrior (D:8)
  2 orc wizards (Orc:2)
  An orc (D:8)
  3 bushes (D:8)
  78 plants (D:7)
88 creatures vanquished.

Grand Total: 482 creatures vanquished

Notes
Turn   | Place    | Note
-------+----------+-------------------------------------------
     0 | D:1      | ftrovador the Minotaur Berserker began the quest for the
                  | Orb.
     0 | D:1      | Reached XP level 1. HP: 19/19 MP: 0/0
    23 | D:1      | Found a faded altar of an unknown god.
   198 | D:1      | Reached skill level 4 in Polearms
   224 | D:1      | Reached XP level 2. HP: 20/27 MP: 1/1
  1139 | D:2      | Noticed Natasha
  1140 | D:2      | Noticed a crimson imp
  1171 | D:2      | Noticed a crimson imp
  1172 | D:2      | Killed Natasha
  1173 | D:2      | Reached skill level 5 in Polearms
  1173 | D:2      | Reached XP level 3. HP: 21/33 MP: 2/2
  1230 | D:2      | Noticed Natasha
  1301 | D:2      | Killed Natasha
  1301 | D:2      | Reached ** piety under Trog
  1302 | D:2      | Reached XP level 4. HP: 26/41 MP: 3/3
  1850 | D:2      | Noticed Natasha
  1867 | D:2      | Killed Natasha
  1875 | D:2      | Reached skill level 6 in Polearms
  2632 | D:3      | Reached XP level 5. HP: 44/47 MP: 4/4
  2727 | D:3      | Found an ornate altar of the Wu Jian Council.
  2727 | D:3      | Found an ancient bone altar of Kikubaaqudgha.
  2773 | D:3      | Noticed Jessica
  2778 | D:3      | Killed Jessica
  2874 | D:3      | Found a sparkling altar of Nemelex Xobeh.
  3140 | D:3      | Noticed Grinder
  3148 | D:3      | Killed Grinder
  3149 | D:3      | Reached skill level 5 in Fighting
  3149 | D:3      | Reached skill level 7 in Polearms
  3149 | D:3      | Reached XP level 6. HP: 56/56 MP: 5/5
  3399 | D:4      | Reached skill level 8 in Polearms
  3457 | D:4      | Noticed Eustachio
  3472 | D:4      | Killed Eustachio
  3473 | D:4      | Reached XP level 7. HP: 53/61 MP: 6/6
  3835 | D:4      | Noticed Sigmund
  3855 | D:4      | Killed Sigmund
  3856 | D:4      | Reached skill level 9 in Polearms
  4080 | D:4      | Found Syumeru's Antique Armour Shop.
  4452 | D:5      | Entered Level 5 of the Dungeon
  4627 | D:5      | Found an opulent altar of Gozag.
  4631 | D:5      | Reached skill level 10 in Polearms
  4649 | D:5      | Reached XP level 8. HP: 70/70 MP: 7/7
  4903 | D:5      | Found a sand-covered staircase.
  4908 | Ossuary  | Entered an ossuary
  4916 | Ossuary  | Reached *** piety under Trog
  5725 | D:5      | Found a basalt altar of Yredelemnul.
  5726 | D:5      | Found a blossoming altar of Fedhas.
  5727 | D:5      | Found a glowing golden altar of the Shining One.
  5727 | D:5      | Found a burning altar of Makhleb.
  5730 | D:5      | Found a glowing silver altar of Zin.
  5885 | D:6      | Reached skill level 11 in Polearms
  6061 | D:6      | Reached skill level 5 in Armour
  6419 | D:6      | Found a runed translucent gate.
  6419 | D:6      | Found a runed translucent gate.
  6420 | D:6      | Found a runed translucent gate.
  6426 | D:6      | Noticed sn0wgr3's ghost (novice MiFi)
  6493 | D:6      | Found a snail-covered altar of Cheibriados.
  6499 | D:6      | Reached skill level 12 in Polearms
  6544 | D:6      | Found a transporter.
  6733 | D:6      | Found a transporter.
  6822 | D:6      | Killed sn0wgr3's ghost
  6823 | D:6      | Reached XP level 9. HP: 78/78 MP: 8/8
  6930 | D:7      | Reached **** piety under Trog
  6941 | D:7      | Found Wytozum's Magic Scroll Shop.
  6951 | D:7      | Bought a scroll of identify for 22 gold pieces
  6951 | D:7      | Bought a scroll of identify for 22 gold pieces
  6951 | D:7      | Bought a scroll of identify for 22 gold pieces
  6951 | D:7      | Bought a scroll of teleportation for 33 gold pieces
  6951 | D:7      | Bought a scroll of teleportation for 33 gold pieces
  6951 | D:7      | Bought a scroll of enchant armour for 82 gold pieces
  6951 | D:7      | Bought a scroll of fear for 38 gold pieces
  6951 | D:7      | Bought a scroll of blinking for 82 gold pieces
  7058 | D:7      | Found a staircase to the Ecumenical Temple.
  7081 | D:7      | Reached skill level 13 in Polearms
  7182 | D:7      | Found Synnis's Antique Armour Shoppe.
  7826 | D:7      | Reached skill level 14 in Polearms
  8934 | D:8      | Noticed a gargoyle
  8938 | D:8      | Killed a gargoyle
  8946 | D:8      | Noticed a two-headed ogre
  8949 | D:8      | Reached XP level 10. HP: 86/86 MP: 9/9
  8955 | D:8      | Killed a two-headed ogre
  8956 | D:8      | Reached skill level 15 in Polearms
  9413 | D:8      | Paralysed by a hornet for 2 turns
  9420 | D:8      | Paralysed by a hornet for 2 turns
  9505 | D:8      | Reached skill level 16 in Polearms
 10268 | D:9      | Noticed a two-headed ogre
 10277 | D:9      | Killed a two-headed ogre
 10340 | D:9      | Noticed Gastronok
 10359 | D:9      | Killed Gastronok
 10360 | D:9      | Reached XP level 11. HP: 76/95 MP: 10/10
 10513 | D:9      | Found Kaptoh's Magic Scroll Emporium.
 10571 | D:9      | Reached skill level 17 in Polearms
 10574 | D:9      | Found a radiant altar of Vehumet.
 10590 | D:9      | Paralysed by a hornet for 1 turns
 10695 | D:9      | Reached ***** piety under Trog
 11062 | D:9      | Bought a scroll of brand weapon for 260 gold pieces
 11062 | D:9      | Bought a scroll of teleportation for 39 gold pieces
 11074 | D:9      | Gained mutation: You are somewhat resistant to further
                  | mutation. [potion of mutation]
 11074 | D:9      | Gained mutation: You have sharp toenails. [potion of
                  | mutation]
 11099 | D:10     | Entered Level 10 of the Dungeon
 11186 | D:10     | Found Pyrran's Weapon Shop.
 11186 | D:10     | Found a staircase to the Orcish Mines.
 11187 | D:10     | Noticed an orc knight
 11189 | D:10     | Noticed an orc knight
 11204 | D:10     | Killed an orc knight
 11209 | D:10     | Killed an orc knight
 11581 | D:10     | Found Boompy's Demolitions Depot.
 11913 | D:10     | Found a staircase to the Lair.
 12125 | D:10     | Noticed a two-headed ogre
 12127 | D:10     | Killed a two-headed ogre
 12128 | D:10     | Reached skill level 18 in Polearms
 12275 | Orc:1    | Entered Level 1 of the Orcish Mines
 12275 | Orc:1    | Noticed Harold
 12287 | Orc:1    | Killed Harold
 12363 | Orc:1    | Noticed a two-headed ogre
 12378 | Orc:1    | Killed a two-headed ogre
 12704 | Orc:1    | Noticed an orc sorcerer
 12714 | Orc:1    | Killed an orc sorcerer
 12776 | Orc:2    | Entered Level 2 of the Orcish Mines
 12776 | Orc:2    | Found Fuipi's Book Emporium.
 12777 | Orc:2    | Noticed Snorg
 12782 | Orc:2    | Identified the +4 battleaxe of Judgement {vorpal, *Noise
                  | Str+5 Dex+4} (Trog gifted it to you on level 2 of the
                  | Orcish Mines)
 12782 | Orc:2    | Received a gift from Trog
 12793 | Orc:2    | Killed Snorg
 12795 | Orc:2    | Reached skill level 19 in Polearms
 12797 | Orc:2    | Noticed an orc warlord
 12944 | Orc:2    | Killed an orc warlord
 12945 | Orc:2    | Reached skill level 10 in Fighting
 12945 | Orc:2    | Reached XP level 12. HP: 106/106 MP: 11/11
 13397 | Orc:2    | Found a staircase to the Elven Halls.
 14271 | Orc:2    | Found Pude's Jewellery Emporium.
 14280 | Orc:2    | Bought an amulet of the acrobat for 480 gold pieces
 14298 | Orc:2    | Found an ancient bone altar of Kikubaaqudgha.
 14304 | Orc:2    | Reached skill level 20 in Polearms
 14306 | Orc:2    | Noticed an ogre mage
 14317 | Orc:2    | Killed an ogre mage
 14338 | Orc:2    | Found Idost's Antique Armour Shoppe.
 14338 | Orc:2    | Paralysed by an orc sorcerer for 5 turns
 14345 | Orc:2    | Reached skill level 10 in Armour
 14351 | Orc:2    | Noticed an ogre mage
 14352 | Orc:2    | Noticed an ogre mage
 14361 | Orc:2    | Paralysed by an orc sorcerer for 3 turns
 14372 | Orc:2    | Killed an ogre mage
 14377 | Orc:2    | Killed an ogre mage
 14671 | Orc:2    | Found a radiant altar of Vehumet.
 14730 | Orc:2    | Found Reuluiru's Distillery.
 14750 | Orc:2    | Found Niatan's Antique Armour Emporium.
 14753 | Orc:2    | Bought a potion of heal wounds for 65 gold pieces
 14753 | Orc:2    | Bought a potion of curing for 39 gold pieces
 14753 | Orc:2    | Bought a potion of haste for 130 gold pieces
 14753 | Orc:2    | Bought a potion of haste for 130 gold pieces
 15078 | Elf:1    | Entered Level 1 of the Elven Halls
 15291 | Elf:1    | Noticed a deep elf annihilator
 15360 | Elf:1    | Killed a deep elf annihilator
 15361 | Elf:1    | Reached skill level 21 in Polearms
 15407 | Elf:1    | Reached ****** piety under Trog
 15408 | Elf:1    | Reached XP level 13. HP: 92/116 MP: 12/12
 15895 | Elf:1    | Noticed a deep elf elementalist
 16279 | Elf:1    | Killed a deep elf elementalist
 17305 | Elf:1    | Received a gift from Trog
 17306 | Elf:1    | Reached skill level 22 in Polearms
 18315 | Elf:1    | Noticed a deep elf death mage
 18342 | Elf:1    | Killed a deep elf death mage
 19305 | Elf:1    | Noticed a deep elf sorcerer
 19334 | Elf:1    | Killed a deep elf sorcerer
 19643 | Elf:1    | Found Fahib's Antique Weapon Emporium.
 19843 | Elf:2    | Reached XP level 14. HP: 122/129 MP: 4/13
 19845 | Elf:2    | Reached skill level 23 in Polearms
 20060 | Elf:2    | HP: 9/193 [poisoned by a +5 trident of venom]
 20062 | Elf:1    | Succumbed to a +5 trident of venom's poison

Illustrated notes

Levels and vault maps discovered:
D:1:      heliophobic_arrival_enchanted_forest, layout_loops_ring,
          shapermc_ecumenical_altar_rom_forum
D:2:      layout_loops_corners, minmay_pentomino_u2, uniq_natasha
D:3:      layout_basic, lemuel_crystal_altar,
          mainiacjoe_overflow_large_starburst, minmay_misc_feat_rugged,
          minmay_three_crescents, uniq_jessica, uniq_grinder
D:4:      layout_loops_ring, serial_shops, nicolae_lakefront_shop,
          serial_rivers, chequers_serial_rivers_marsh,
          chequers_serial_rivers_large_a, chequers_serial_rivers_small_3,
          chequers_serial_rivers_micro_d, chequers_serial_rivers_small_a,
          chequers_serial_rivers_room_b, chequers_serial_rivers_micro_e,
          uniq_sigmund, uniq_eustachio
D:5:      layout_basic, mainiacjoe_overflow_chevrons, minitemple,
          enter_ossuary_2, minivault_19
D:6:      gammafunk_cloud_chamber, layout_basic, slow_altar_2,
          gammafunk_ghost_necromancy
D:7:      layout_basic, minmay_temple_entry_statues_fountains, serial_bayou,
          serial_bayou_pond_a, serial_bayou_ford_a, serial_bayou_pond_d,
          serial_bayou_crossing, serial_bayou_lagoon_a, serial_shops,
          nicolae_shop_statue_plus, kennysheep_mini, enter_bailey_5
D:8:      minmay_imperfect_grid, layout_basic, minmay_hedge_maze
D:9:      layout_cave_pools, mainiacjoe_overflow_24_doors, serial_shops, shop,
          uniq_gastronok
D:10:     layout_loops_ring, lair_entry_dummy, orc_david_3,
          nicolae_blasting_shop, grunt_ministairs_11
Orc:1:    layout_diamond_mine, uniq_harold
Orc:2:    kennysheep_orc_mage_school, layout_caves, serial_shops,
          nicolae_shop_temple_entry_statues_fountains, uniq_snorg
Elf:1:    elf_arrival_001, layout_loops_cross, serial_shops,
          nicolae_square_shop, minmay_elf_crystal_heptagon
Elf:2:    elven_hall_of_blades_hangedman_alternative
          [nicolae_blade_entry_crossed_weapons], layout_gridlike

Skill      XL: |  1  2  3  4  5  6  7  8  9 10 11 12 13 14 |
---------------+-------------------------------------------+-----
Polearms       | 4 5 6 7 8 10 12 14 16 19 21 22 23 | 23.1
Fighting       | 4 5 6 7 8 10 11 13 | 13.2
Armour         | 3 5 6 8 9 10 12 | 12.2
Dodging        | |  2.2

Action                   |  1- 3 |  4- 6 |  7- 9 | 10-12 | 13-15 || total
-------------------------+-------+-------+-------+-------+-------++-------
Melee: Spear             |    68 |   121 |    17 |       |       ||   206
       Headbutt          |     8 |    14 |    40 |    61 |    22 ||   145
       Scythe            |       |       |   220 |    16 |       ||   236
       Glaive            |       |       |       |   380 |    98 ||   478
       Kick              |       |       |       |    67 |    31 ||    98
       Bardiche          |       |       |       |       |    78 ||    78
Throw: Dart              |       |       |    12 |    17 |     6 ||    35
Invok: Berserk           |       |     2 |     4 |     7 |     2 ||    15
       Trog's Hand       |       |     2 |     3 |     5 |       ||    10
       Brothers in Arms  |       |       |     1 |     1 |       ||     2
  Use: Scroll            |       |       |    17 |     8 |     1 ||    26
       Potion            |       |       |       |     3 |     3 ||     6
Armor: Animal skin       |     6 |     5 |       |       |       ||    11
       Ring mail         |       |     8 |       |       |       ||     8
       Scale mail        |       |       |   129 |   111 |    37 ||   277
Dodge: Dodged            |    31 |    40 |   128 |   137 |    64 ||   400

Table legend: (Time is in decaauts)
 A = Elapsed time spent in this place.
 B = Non-inter-level travel time spent in this place.
 C = Inter-level travel time spent in this place.
 D = Time resting spent in this place.
 E = Time spent auto-exploring this place.
 F = Levels seen in this place.
 G = Mean time per level.
                   A        B        C        D        E       F      G
               +--------+--------+--------+--------+--------+-----+--------+
         Total |  20239 |  19824 |    415 |   6912 |   9300 |  15 | 1349.3 |
       Dungeon |  12171 |  11825 |    346 |   1953 |   7879 |  10 | 1217.1 |
  Orcish Mines |   4856 |   4829 |     27 |   3349 |    817 |   2 | 2428.0 |
   Elven Halls |   2933 |   2891 |     42 |   1609 |    410 |   2 | 1466.5 |
       Ossuary |    277 |    277 |      0 |      0 |    194 |   1 |  277.0 |
               +--------+--------+--------+--------+--------+-----+--------+

Top non-repeatable levels by time:
   Orc:2: 3742 daAuts
   Elf:1: 2643 daAuts
     D:7: 1950 daAuts
     D:2: 1617 daAuts
     D:8: 1511 daAuts
    D:10: 1176 daAuts
     D:5: 1158 daAuts
   Orc:1: 1113 daAuts
     D:4: 1110 daAuts
     D:6: 1054 daAuts
     D:1: 994 daAuts
     D:9: 863 daAuts
     D:3: 736 daAuts
   Elf:2: 290 daAuts
 Ossuary: 277 daAuts
